 Dungeon Crawl Stone Soup version 0.28-a0-43-g560ac104fe (webtiles) character file.

Game seed: 14549077974418523176

137 Lekart the Skirmisher (level 5, -1/45 (46) HPs)
             Began as a Draconian Fighter on July 28, 2021.
             Slain by a wight (7 damage)
             ... on level 5 of the Dungeon.
             The game lasted 00:02:40 (2722 turns).

Lekart the Skirmisher (Draconian Fighter)           Turns: 2722, Time: 00:02:40

HP:   -1/45 (46)    AC:  6    Str: 20    XL:     5   Next: 0%
MP:   5/5           EV: 10    Int:  8    God:
Gold: 69            SH:  9    Dex: 10    Spells: 4/4 levels left

rFire   . . .      SeeInvis .   a - +0 long sword
rCold   . . .      Faith    .   b - +0 kite shield
rNeg    . . .      Spirit   .   (armour unavailable)
rPois   .          Reflect  .   (helmet restricted)
rElec   .          Harm     .   i - +0 cloak
rCorr   .          Rampage  .   (no gloves)
Will    .....                   (no boots)
Stlth   +.........              (no amulet)
HPRegen 0.15/turn               (no ring)
MPRegen 0.09/turn               (no ring)

@: lightly drained
A: AC +5, unfitting armour, cold-blooded
a: no special abilities


You were on level 5 of the Dungeon.
You visited 1 branch of the dungeon, and saw 5 of its levels.

You collected 69 gold pieces.

Inventory:

Hand Weapons
 a - a +0 long sword (weapon)
Missiles
 m - 2 javelins (quivered)
Armour
 b - a +0 kite shield (worn)
 i - a +0 cloak (worn)
Jewellery
 k - a +6 ring of dexterity
Scrolls
 d - a scroll of vulnerability {unknown}
 g - 5 scrolls of identify {unknown}
 l - a scroll of blinking {unknown}
 n - a scroll of immolation {unknown}
 p - a scroll of magic mapping {unknown}
 q - a scroll of enchant weapon {unknown}
Potions
 c - a potion of might
 e - a potion of degeneration {unknown}
 f - 2 potions of curing {unknown}
 h - a potion of haste {unknown}
 j - a potion of flight {unknown}
 o - a potion of invisibility {unknown}


   Skills:
 + Level 3.8 Fighting
 + Level 3.5 Long Blades
 + Level 0.2 Throwing
 + Level 3.3 Dodging
 + Level 3.8 Shields


You had 4 spell levels left.
You didn't know any spells.
Your spell library contained the following spells:

 Spells                   Type           Power      Damage    Failure   Level
 Magic Dart               Conj           0%         1d3       88%         1
 Sandblast                Erth           0%         2d4       88%         1
 Call Imp                 Summ           0%         N/A       95%         2
 Passwall                 Tmut/Erth      0%         N/A       95%         2
 Mephitic Cloud           Conj/Pois/Air  0%         N/A       99%         3
 Airstrike                Air            0%         N/A       100%        4
 Summon Lightning Spire   Summ/Air       0%         N/A       100%        4
 Lee's Rapid Deconstruct  Erth           0%         3d5*      100%        5
 Lightning Bolt           Conj/Air       0%         1d11      100%        5


Dungeon Overview and Level Annotations

Branches:
Dungeon (6/15)
 Temple: D:4-7

Altars:
Elyvilon
Hepliaklqana


Innate Abilities, Weirdness & Mutations

Your plain brown scales are hard. (AC +5)
You cannot fit into any form of body armour.
You are cold-blooded and may be slowed by cold attacks.


Message History

The white imp shouts, "Take thy face hence, thou peaked dizzy-eyed flap-bat!" 5 wights come into view.
A wight is wielding a +1 scimitar of freezing.
The wight moves out of view.
Found a stone staircase leading up.
There is a stone staircase leading up here.
You block the wight's attack.
You climb upwards.
There is a stone staircase leading down here.
You hit the wight.
Your tail-slap misses the wight.
The wight is lightly damaged.
The wight hits you with a +4 mace!
You hit the wight.
The wight is moderately damaged.
You block the wight's attack. The wight hits you but does no damage.
You barely miss the wight.
The wight is moderately damaged.
The wight hits you with a +4 mace!
You are too injured to fight recklessly!
You are too injured to fight recklessly!
You barely miss the wight.
The wight is moderately damaged.
You block the wight's attack.
You closely miss the wight.
You tail-slap the wight, but do no damage.
The wight is moderately damaged.
The wight completely misses you.
You riposte.
You hit the wight but do no damage.
The wight is moderately damaged.
The wight hits you with a +4 mace!
You hit the wight but do no damage.
The wight is moderately damaged.
The wight hits you with a +4 mace!
* * * LOW HITPOINT WARNING * * *
You feel drained.
* * * LOW HITPOINT WARNING * * *
You hit the wight but do no damage.
The wight is moderately damaged.
The wight hits you with a +4 mace!
You die...

# #. ## ..
..
#.###.##.#
#..@z....#
##....##.#
...##.#
#.... ##
#....
####. #.
#.


You could see a wight.

Vanquished Creatures
  A centaur skeleton (D:3)
  3 gnolls (D:2)
  An adder (D:2)
  A worm (D:2)
  2 dart slugs
  5 endoplasms
  2 giant cockroaches
  5 goblins (D:1)
  5 hobgoblins
  8 jackals
  4 kobolds
  2 quokkas (D:2)
  8 ball pythons
  7 bats
  4 frilled lizards
  2 rats (D:2)
60 creatures vanquished.

Notes
Turn   | Place    | Note
-------+----------+-------------------------------------------
     0 | D:1      | Lekart the Draconian Fighter began the quest for the Orb.
     0 | D:1      | Reached XP level 1. HP: 19/19 MP: 1/1
   261 | D:1      | Reached XP level 2. HP: 22/26 MP: 2/2
   353 | D:1      | Found a faded altar of an unknown god.
  1214 | D:2      | Reached XP level 3. HP: 24/33 MP: 3/3
  2265 | D:2      | Reached XP level 4. HP: 37/40 MP: 4/4
  2274 | D:2      | Found a white marble altar of Elyvilon.
  2677 | D:3      | Reached XP level 5. HP: 45/46 MP: 5/5
  2686 | D:3      | Found a hazy altar of Hepliaklqana.
  2688 | D:3      | Found a white marble altar of Elyvilon.
  2706 | D:3      | You fall into a shaft and drop 3 floors!
  2715 | D:5      | Entered Level 5 of the Dungeon
  2722 | D:5      | Slain by a wight

Illustrated notes

Levels and vault maps discovered:
D:1:      dpeg_arrival_morbid_curiosity, layout_loops_ring,
          basic_ecumenical_altar
D:2:      layout_basic, basic_altar
D:3:      layout_basic, nicolae_overflow_hidden_temple
D:5:      layout_basic, old_standard_altar
D:6:      layout_loops_ring, mainiacjoe_overflow_two_lobes,
          minmay_temple_entry_arrows, serial_shops, shop

Skill      XL: |  1  2  3  4 |
---------------+-------------+-----
Dodging        | 3 |  3.3
Long Blades    | 3 |  3.5
Fighting       | |  3.8
Throwing       | |  0.2
Shields        | |  3.8

Action                   |  1- 3 |  4- 6 || total
-------------------------+-------+-------++-------
Melee: Long sword        |   111 |    59 ||   170
       Tailslap          |     9 |     6 ||    15
Throw: Javelin           |     8 |       ||     8
Armor: Skin              |    39 |    25 ||    64
Dodge: Dodged            |    55 |    42 ||    97
Block: Kite shield       |    59 |    43 ||   102
       Rpst.: Long sword |    14 |    14 ||    28

Table legend: (Time is in decaauts)
 A = Elapsed time spent in this place.
 B = Non-inter-level travel time spent in this place.
 C = Inter-level travel time spent in this place.
 D = Time resting spent in this place.
 E = Time spent auto-exploring this place.
 F = Levels seen in this place.
 G = Mean time per level.
                   A        B        C        D        E       F      G
               +--------+--------+--------+--------+--------+-----+--------+
         Total |   2816 |   2623 |    193 |    101 |   2037 |   5 |  563.2 |
       Dungeon |   2816 |   2623 |    193 |    101 |   2037 |   5 |  563.2 |
               +--------+--------+--------+--------+--------+-----+--------+

Top non-repeatable levels by time:
     D:2: 1366 daAuts
     D:1: 1227 daAuts
     D:3: 204 daAuts
     D:5: 9 daAuts
     D:6: 8 daAuts
